 Dungeon Crawl Stone Soup version 0.26-a0-844-g3dd439832f (webtiles) character file.

Game seed: 1825237736446721596

3965 ringo67 the Destroyer (level 10, -1/84 HPs)
             Began as a Tengu Fire Elementalist on Nov 18, 2020.
             Was a Follower of Vehumet.
             Slain by a komodo dragon (7 damage)
             ... on level 9 of the Dungeon.
             The game lasted 00:24:12 (10085 turns).

ringo67 the Destroyer (Tengu Fire Elementalist)    Turns: 10085, Time: 00:24:12

Health: -1/84      AC: 25    Str:  8    XL:     10   Next: 22%
Magic:  17/30      EV:  2    Int: 18    God:    Vehumet [*.....]
Gold:   552        SH:  5    Dex: 16    Spells: 12/22 levels left

rFire    . . .     SeeInvis +   D - +2 spear (venom)
rCold    . . .     Faith    .   v - +0 buckler
rNeg     + + +     Spirit   .   (armour currently unavailable)
rPois    +         Reflect  .   (helmet currently unavailable)
rElec    .         Harm     .   (cloak currently unavailable)
rCorr    .         Rampage  .   (gloves currently unavailable)
MR       .....     NoTele   +   (boots unavailable)
Stlth    ++........             y - amulet of regeneration
HPRegen  0.64/turn              u - ring of magical power
MPRegen  0.22/turn              G - ring of see invisible

@: tree-form
A: able to fly
a: Fly, Renounce Religion


You were on level 9 of the Dungeon.
You worshipped Vehumet.
Vehumet was aware of your devotion.
You were a tree.
You visited 2 branches of the dungeon, and saw 10 of its levels.

You collected 552 gold pieces.

Inventory:

Hand Weapons
 o - a +1 short sword of protection
 D - a +2 spear of venom (weapon)
Missiles
 E - 3 curare-tipped darts (quivered)
Armour
 a - a +0 robe
 r - a +0 cloak (melded)
 v - a +0 buckler (worn)
 w - a +1 leather armour of cold resistance
 B - a +2 leather armour of fire resistance (melded)
Jewellery
 u - a ring of magical power (left branch)
 y - an amulet of regeneration (around neck)
 G - a ring of see invisible (right branch)
Wands
 b - a wand of flame (23)
 x - a wand of paralysis (6)
 H - a wand of iceblast (7)
Scrolls
 c - 2 scrolls of remove curse
 e - a scroll of immolation {unknown}
 f - a scroll of fear
 g - a scroll of magic mapping
 h - 8 scrolls of identify
 i - a scroll of enchant armour {unknown}
 l - a scroll of blinking {unknown}
 p - 2 scrolls of random uselessness {unknown}
 t - 6 scrolls of teleportation
Potions
 d - 3 potions of invisibility {unknown}
 j - 5 potions of curing
 k - 5 potions of lignification
 m - 5 potions of brilliance {unknown}
 n - 2 potions of might {unknown}
 q - 2 potions of ambrosia {unknown}
 s - 3 potions of flight {unknown}
 z - a potion of heal wounds {unknown}
 A - a potion of degeneration {unknown}
 C - 2 potions of mutation {unknown}
 F - a potion of resistance {unknown}


   Skills:
 + Level 3.4 Fighting
 - Level 6.8 Dodging
 - Level 2.0 Stealth
 + Level 3.4 Shields
 + Level 6.6 Spellcasting
 + Level 9.2 Conjurations
 + Level 8.4 Fire Magic


You had 12 spell levels left.
You knew the following spells:

 Your Spells              Type           Power        Failure   Level
a - Foxfire               Conj/Fire      ####         1%          1
b - Sticky Flame          Conj/Fire      #####...     3%          4
c - Fireball              Conj/Fire      #####.....   9%          5

Your spell library contained the following spells:

 Spells                   Type           Power        Failure   Level
 Magic Dart               Conj           ####         1%          1
 Conjure Flame            Conj/Fire      #####...     1%          3
 Stone Arrow              Conj/Erth      ###...       5%          3
 Inner Flame              Hex/Fire       ###.....     6%          3
 Animate Skeleton         Necr           #.....       12%         1
 Apportation              Tloc           #.....       12%         1
 Beastly Appendage        Tmut           #.....       12%         1
 Corona                   Hex            #......      12%         1
 Sandblast                Erth           #.....       12%         1
 Summon Small Mammal      Summ           #...         12%         1
 Passwall                 Tmut/Erth      #.......     19%         2
 Wereblood                Tmut           #.......     19%         2
 Spider Form              Tmut/Pois      #.........   34%         3
 Ice Form                 Ice/Tmut       #.......     75%         4
 Petrify                  Tmut/Erth      #.......     75%         4
 Blade Hands              Tmut           #.........   97%         5
 Lee's Rapid Deconstruct  Erth           #.........   97%         5


Dungeon Overview and Level Annotations

Branches:
Dungeon (9/15)             Temple (1/1) D:7
   Lair: D:8-11         Orc: D:9-12

Altars:
Ashenzari
Cheibriados
Dithmenos
Elyvilon
Fedhas
Gozag
Hepliaklqana
Kikubaaqudgha
Makhleb
Nemelex Xobeh
Okawaru
Qazlal
Ru
Sif Muna
Trog
Uskayaw
Vehumet
Wu Jian
Xom
Yredelemnul
Zin
The Shining One

Shops:
D:5 (


Innate Abilities, Weirdness & Mutations

((You have a beak for a mouth.))
((You have claws for feet.))
You can fly continuously.


Message History

Press: ? - help, Dir - move target cursor, f - komodo dragon, p - bullfrog
Aim: a komodo dragon The bullfrog is in the way.
You puncture the bullfrog!
You kill the bullfrog!
Vehumet accepts your kill. The komodo dragon bites you.
* * * LOW HITPOINT WARNING * * *
Casting: Sticky Flame (dangerous; 3% risk of failure)
Confirm with . or Enter, or press ? or * to list all spells.
Aiming: Sticky Flame (dangerous; 3% risk of failure)
Press: ? - help, Shift-Dir - straight line, f/p - komodo dragon
Aim: a komodo dragon The sticky flame hits the komodo dragon but does no damage.
The komodo dragon is covered in liquid flames!
The komodo dragon burns!
The komodo dragon bites you.
* * * LOW HITPOINT WARNING * * *
You hit the komodo dragon.
The komodo dragon is moderately wounded.
The komodo dragon burns! x2; The komodo dragon bites you!
You die...

...####..#####.## .... ..##
#..####...#### #####.$.. ..#
###..#....#....# ##......PP
.....#......##..... ...P.....
####........## ######....PP.P
..........†.# #....PPP..
##..#......# #####=..P.P.P.
#........#.#####.............
#...#.......♣l.†.?..P......PP
#.. #.=....#####.###PP.P....P
#.###......... #.# #...$P.PP.
#.<......#.##. $.# ##.P..P.PP
##..#.#.#.#.# #### ##..P./P.P
###...#.......# ####..#PPPPPP
...#.##.._...# #............
.##...#.._8_..# #.#######....
#..#..._...######.# #.##


You could see a komodo dragon (burning).

Vanquished Creatures
  2 hornets (D:9)
  Prince Ribbit (D:6)
  Sigmund (D:2)
  Eustachio (D:6)
  A wyvern (D:6)
  Menkaure (D:6)
  Duvessa (D:6)
  A water moccasin (D:9)
  An orc warrior (D:8)
  An ice beast (D:3)
  A phantom (D:4)
  A sky beast (D:6)
  2 ogres
  2 centaurs (D:7)
  2 big kobolds
  7 bullfrogs
  Dowan (D:6)
  4 scorpions
  3 wights (D:6)
  A howler monkey (D:4)
  2 orc priests
  2 bullfrog skeletons
  5 hounds
  6 iguanas
  3 orc wizards
  4 worker ants
  2 worker ant zombies
  5 gnolls
  9 adders
  An ufetubus (D:6)
  An ooze (D:4)
  2 adder skeletons
  A worm (D:4)
  A dart slug (D:3)
  8 leopard geckos
  18 orcs
  2 ball pythons (D:2)
  7 bats
  6 giant cockroaches
  9 goblins
  7 hobgoblins
  2 quokkas
  13 kobolds
  3 quokka skeletons
  A quokka zombie (D:6)
  11 rats
166 creatures vanquished.

Vanquished Creatures (collateral kills)
  8 foxfires (D:9)
8 creatures vanquished.

Vanquished Creatures (others)
  781 foxfires
  29 fungi (D:9)
  31 plants
841 creatures vanquished.

Grand Total: 1015 creatures vanquished

Notes
Turn   | Place    | Note
-------+----------+-------------------------------------------
     0 | D:1      | ringo67 the Tengu Fire Elementalist began the quest for the
                  | Orb.
     0 | D:1      | Reached XP level 1. HP: 10/10 MP: 4/4
   126 | D:1      | Reached XP level 2. HP: 15/15 MP: 1/6
   187 | D:1      | Reached skill level 2 in Conjurations
   654 | D:1      | Reached XP level 3. HP: 18/19 MP: 1/7
  1400 | D:2      | Found an iron altar of Okawaru.
  1443 | D:2      | Reached XP level 4. HP: 24/24 MP: 4/8
  1613 | D:2      | Noticed Sigmund
  1627 | D:2      | Killed Sigmund
  1628 | D:2      | Reached skill level 3 in Conjurations
  1628 | D:2      | Gained mutation: You can fly continuously. [Tengu growth]
  1628 | D:2      | Reached XP level 5. HP: 28/28 MP: 0/10
  1628 | D:2      | Reached XP level 6. HP: 32/32 MP: 0/11
  2286 | D:2      | Learned a level 4 spell: Sticky Flame
  2325 | D:3      | Noticed an ice beast
  2339 | D:3      | Killed an ice beast
  2340 | D:3      | Reached skill level 4 in Conjurations
  3341 | D:3      | Reached skill level 5 in Fire Magic
  3943 | D:4      | Noticed a phantom
  3955 | D:3      | Reached XP level 7. HP: 20/36 MP: 13/13
  4290 | D:4      | Reached skill level 5 in Conjurations
  4420 | D:4      | Reached skill level 5 in Dodging
  4529 | D:4      | HP: 1/36 [big kobold/iceblast (9)]
  6066 | D:4      | Reached XP level 8. HP: 36/41 MP: 15/15
  6489 | D:5      | Entered Level 5 of the Dungeon
  6707 | D:5      | Found Fublubb's Antique Weapon Shoppe.
  6727 | D:6      | Reached skill level 6 in Conjurations
  6837 | D:6      | Noticed Dowan
  6844 | D:6      | Killed Dowan
  6846 | D:6      | Noticed Duvessa
  6866 | D:6      | Killed Duvessa
  7488 | D:6      | Noticed Eustachio
  7587 | D:6      | Killed Eustachio
  7588 | D:6      | Reached skill level 5 in Spellcasting
  7761 | D:6      | Noticed Prince Ribbit
  7761 | D:6      | Noticed Menkaure
  7778 | D:6      | Killed Prince Ribbit
  7779 | D:6      | Reached skill level 7 in Conjurations
  7783 | D:6      | Killed Menkaure
  7784 | D:6      | Reached XP level 9. HP: 43/45 MP: 17/18
  7839 | D:6      | Learned a level 5 spell: Fireball
  7973 | D:6      | Found a bloodstained altar of Trog.
  8346 | D:7      | Found a staircase to the Ecumenical Temple.
  8353 | D:7      | Reached skill level 1 in Fighting
  8353 | D:7      | Reached skill level 1 in Shields
  8357 | Temple   | Entered the Ecumenical Temple
  8364 | Temple   | Became a worshipper of Vehumet
  8439 | D:7      | Reached skill level 8 in Conjurations
  9213 | D:8      | Found Busumm's General Store.
  9290 | D:8      | Reached * piety under Vehumet
  9290 | D:8      | Offered knowledge of Magic Dart by Vehumet.
  9373 | D:8      | Found a hazy altar of Hepliaklqana.
  9837 | D:9      | Noticed a hornet
  9845 | D:9      | Paralysed by a hornet for 1 turns
  9846 | D:9      | Killed a hornet
  9847 | D:9      | Reached XP level 10. HP: 39/56 MP: 20/20
  9907 | D:9      | Reached skill level 9 in Conjurations
  9951 | D:9      | Found a shimmering altar of Xom.
  9953 | D:9      | Found a shadowy altar of Dithmenos.
  9953 | D:9      | Found a blossoming altar of Fedhas.
  9954 | D:9      | Found a hide-covered altar of Uskayaw.
 10074 | D:9      | Paralysed by a hornet for 1 turns
 10076 | D:9      | HP: 2/56 [hornet (15)]
 10085 | D:9      | Slain by a komodo dragon

Illustrated notes

Levels and vault maps discovered:
D:1:      moated_graveyard_arrival, layout_basic
D:2:      minmay_evil_eye, layout_basic, okawaru_metal_pillars_1_2,
          serial_bayou_crossing, uniq_sigmund
D:3:      layout_basic, roderic_lattice_a
D:4:      layout_basic
D:5:      layout_rooms, serial_shops, shop
D:6:      layout_loops_corners, kennysheep_mini, minmay_small_thing,
          uniq_menkaure, uniq_eustachio, uniq_prince_ribbit1, uniq_duvessa
D:7:      layout_basic, minmay_temple_entry_gardened_gates
D:8:      layout_cave_pools, overflow_temple_1_default, serial_shops,
          nicolae_shop_competitors_out_of_business
D:9:      layout_loops_ring, chequers_temple_overflow_statue_of_worship,
          due_lair_maze_entry_diamond
Temple:   minmay_freezing_vapour_temple

Skill      XL: |  1  2  3  4  5  6  7  8  9 10 |
---------------+-------------------------------+-----
Conjurations   | 2 3 4 5 7 8 9 |  9.2
Dodging        | 3 4 5 6 |  6.8
Spellcasting   | 3 4 5 6 |  6.6
Fire Magic     | 4 5 7 8 |  8.4
Fighting       | 3 |  3.4
Shields        | 3 |  3.4
Stealth        | |  2.0

Action                   |  1- 3 |  4- 6 |  7- 9 | 10-12 || total
-------------------------+-------+-------+-------+-------++-------
Melee: Unarmed           |     3 |       |       |       ||     3
       Whip              |     2 |     1 |       |       ||     3
       Kick              |     1 |     1 |    12 |     1 ||    15
       Short sword       |       |     4 |    17 |       ||    21
       Peck              |       |       |     7 |     1 ||     8
       Spear             |       |       |    26 |    13 ||    39
 Cast: Foxfire           |    51 |   111 |   292 |    27 ||   481
       Sticky Flame      |       |       |    15 |     4 ||    19
  Use: Scroll            |       |       |     8 |     2 ||    10
       Potion            |       |       |     1 |     2 ||     3
Armor: Robe              |     5 |    10 |       |       ||    15
       Leather armour    |       |       |    16 |     4 ||    20
       Skin              |       |       |       |     3 ||     3
Dodge: Dodged            |     7 |    24 |    63 |    13 ||   107
Block: Buckler           |       |       |     2 |     5 ||     7

Table legend: (Time is in decaauts)
 A = Elapsed time spent in this place.
 B = Non-inter-level travel time spent in this place.
 C = Inter-level travel time spent in this place.
 D = Time resting spent in this place.
 E = Time spent auto-exploring this place.
 F = Levels seen in this place.
 G = Mean time per level.
                   A        B        C        D        E       F      G
               +--------+--------+--------+--------+--------+-----+--------+
         Total |  10106 |   9684 |    422 |   2688 |   5292 |  10 | 1010.6 |
       Dungeon |  10094 |   9676 |    418 |   2688 |   5292 |   9 | 1121.6 |
        Temple |     12 |      8 |      4 |      0 |      0 |   1 |   12.0 |
               +--------+--------+--------+--------+--------+-----+--------+

Top non-repeatable levels by time:
     D:3: 3318 daAuts
     D:6: 1627 daAuts
     D:1: 1275 daAuts
     D:4: 1049 daAuts
     D:2: 1042 daAuts
     D:7: 715 daAuts
     D:8: 683 daAuts
     D:9: 332 daAuts
     D:5: 49 daAuts
  Temple: 12 daAuts
